 Dungeon Crawl Stone Soup version 0.29-a0-2-g12fcac58f8 (webtiles) character file.

Game seed: 5173139877406026226

238 HallandMoats the Skirmisher (level 6, -2/55 HPs)
             Began as a Ghoul Monk on Jan 27, 2022.
             Slain by a gnoll (8 damage)
             ... on level 5 of the Dungeon.
             The game lasted 00:02:38 (2590 turns).

HallandMoats the Skirmisher (Ghoul Monk)            Turns: 2590, Time: 00:02:40

Health: -2/55      AC:  2    Str: 15    XL:     6   Next: 7%
Magic:  6/6        EV: 13    Int:  5    God:
Gold:   198        SH:  0    Dex: 13    Spells: 5/5 levels left

rFire   . . .      SeeInvis .     - Unarmed
rCold   + . .      Faith    .   (no shield)
rNeg    + + +      Spirit   .   a - +0 robe
rPois   ∞          Reflect  .   (no helmet)
rElec   .          Harm     .   (no cloak)
rCorr   .          Rampage  .   (no gloves)
Will    .....                   (no boots)
Stlth   ++........              (no amulet)
HPRegen 0.00/turn               (no ring)
MPRegen 0.10/turn               (no ring)

@: inhibited regen
A: claws 1, cold resistance 1, negative energy resistance 3, inhibited
regeneration, torment resistance 2
a: no special abilities


You were on level 5 of the Dungeon.
You visited 1 branch of the dungeon, and saw 4 of its levels.

You collected 198 gold pieces.

Inventory:

Armour
 a - a +0 robe (worn)
Jewellery
 m - a ring of wizardry
Scrolls
 b - a scroll of immolation {unknown}
 c - 3 scrolls of identify {unknown}
 e - 2 scrolls of vulnerability {unknown}
 f - a scroll of noise {unknown}
 g - 3 scrolls of holy word {unknown}
 h - a scroll of torment {unknown}
 j - a scroll of summoning {unknown}
 k - a scroll of magic mapping {unknown}
 l - a scroll of enchant armour {unknown}
Potions
 d - a potion of flight {unknown}
 i - a potion of brilliance {unknown}


   Skills:
 * Level 4.8 Fighting
 + Level 1.7 Armour
 + Level 3.3 Dodging
 - Level 2.1 Stealth
 * Level 4.7 Unarmed Combat
 + Level 1.7 Invocations


You had 5 spell levels left.
You didn't know any spells.
Your spell library was empty.

Dungeon Overview and Level Annotations

Branches:
Dungeon (3/15)

Altars:

Shops:
D:1 (*(*[

Annotations:
D:3 2 transporters, oldriver's ghost, amateur OpTm


Innate Abilities, Weirdness & Mutations

You thrive by killing the living.
You are immune to poison.
You have sharp fingernails.
Your flesh is cold resistant. (rC+)
You are immune to negative energy. (rN+++)
You do not regenerate when monsters are visible.
You are immune to unholy pain and torment.


Message History

The gnoll shaman barely misses you.
You barely miss the gnoll shaman.
The gnoll shaman is moderately wounded.
The gnoll barely misses you.
The gnoll shaman hits you with a +0 club!
You scratch the gnoll shaman but do no damage.
The gnoll shaman is moderately wounded.
The gnoll completely misses you. The gnoll shaman closely misses you.
You barely miss the gnoll shaman.
The gnoll shaman is moderately wounded.
The gnoll misses you. The gnoll barely misses you.
You completely miss the gnoll shaman.
The gnoll shaman is moderately wounded.
The gnoll shaman hits you with a +0 club!
The gnoll hits you from afar with a +0 spear.
The gnoll misses you.
You claw the gnoll shaman! You claw the gnoll shaman.
The gnoll shaman is almost dead.
The gnoll shaman calls upon its god to speed up the gnoll.
The gnoll seems to speed up.
The gnoll hits you from afar with a +0 spear!
* * * LOW HITPOINT WARNING * * *
The gnoll hits you with a +0 club.
* * * LOW HITPOINT WARNING * * *
Unknown command.
Unknown command.
Unknown command.
Unknown command.
You scratch the gnoll shaman.
You kill the gnoll shaman!
You feel better. The gnoll misses you.
The gnoll hits you from afar with a +0 spear.
* * * LOW HITPOINT WARNING * * *
You have reached level 6!
Found a ring mail.
The gnoll closely misses you.
Things that are here:
a +0 club; a +0 robe; a gnoll corpse The gnoll misses you.
The gnoll hits you with a +0 whip!
You die...

...# #O# .. #### #g# ##
#.# #g# #### #g# ...
#.####.#.###
######.##...# ..#######
.....(.....#####...[....
#######.##...#gg@....#
#...###.#g##.##.# #....
#O..# .# ##...# ##### .#
##.## .. #.# ## #.


You could see an ogre and 3 gnolls.

Vanquished Creatures
  A centaur (D:5)
  A necrophage (D:3)
  A gnoll shaman (D:5)
  An adder (D:3)
  2 dart slugs
  4 ball pythons
  6 bats
  2 endoplasms
  4 giant cockroaches
  A goblin (D:3)
  2 jackals (D:1)
  A quokka (D:3)
  A frilled lizard (D:1)
  3 kobolds
  3 rats (D:1)
33 creatures vanquished.

Notes
Turn   | Place    | Note
-------+----------+-------------------------------------------
     0 | D:1      | HallandMoats the Ghoul Monk began the quest for the Orb.
     0 | D:1      | Reached XP level 1. HP: 19/19 MP: 0/0
    53 | D:1      | Found Mecyrcho's Weapon Boutique.
    83 | D:1      | Found Qagueluwoz's Antique Weapon Emporium.
   200 | D:1      | Reached XP level 2. HP: 19/26 MP: 1/1
   402 | D:1      | Found Suekloz's Assorted Antiques.
   643 | D:1      | Found Kiudei's Armour Shoppe.
   744 | D:1      | Found Xidymokh's Assorted Antiques.
  1427 | D:2      | Reached XP level 3. HP: 33/33 MP: 2/2
  1687 | D:3      | Found a faded altar of an unknown god.
  1847 | D:3      | Found a transporter.
  1924 | D:3      | Noticed oldriver's ghost (amateur OpTm)
  1971 | D:3      | Found a transporter.
  2243 | D:3      | Noticed a necrophage
  2250 | D:3      | Killed a necrophage
  2251 | D:3      | Reached skill level 1 in Armour
  2251 | D:3      | Reached skill level 1 in Invocations
  2251 | D:3      | Reached XP level 4. HP: 16/41 MP: 3/3
  2251 | D:3      | Reached XP level 5. HP: 19/47 MP: 4/4
  2493 | D:3      | You fall into a shaft and drop 2 floors!
  2493 | D:5      | Entered Level 5 of the Dungeon
  2493 | D:5      | Noticed a centaur
  2506 | D:5      | Killed a centaur
  2528 | D:5      | Noticed an ogre
  2587 | D:5      | Reached XP level 6. HP: 6/55 MP: 6/6
  2590 | D:5      | Slain by a gnoll

Illustrated notes

Levels and vault maps discovered:
D:1:      dpeg_arrival_windows_large_door, layout_basic, serial_shops,
          nicolae_shop_bloodbath_and_beyond, nicolae_shop_stone,
          nicolae_shop_trees, nicolae_shop_behind_doors, nicolae_shop_stone,
          chequers_arboretum, minmay_misc_feat_pillars, serial_bayou_pond_e
D:2:      layout_loops_ring
D:3:      layout_loops_ring, basic_ecumenical_altar, gammafunk_ghost_arena
D:5:      layout_loops_corners, ebering_ghost_sewer_d, uniq_pikel

Skill      XL: |  1  2  3 |
---------------+----------+-----
Fighting       | 4 |  4.8
Armour         | 1 |  1.7
Dodging        | 3 |  3.3
Unarmed Combat | 4 |  4.7
Invocations    | 1 |  1.7
Stealth        | |  2.1

Action                   |  1- 3 |  4- 6 || total
-------------------------+-------+-------++-------
Melee: Unarmed           |   106 |    16 ||   122
       Punch             |     2 |     1 ||     3
  Use: Potion            |       |     1 ||     1
 Stab: Sleeping          |     5 |       ||     5
Armor: Robe              |    28 |     4 ||    32
Dodge: Dodged            |    57 |    25 ||    82

Table legend: (Time is in decaauts)
 A = Elapsed time spent in this place.
 B = Non-inter-level travel time spent in this place.
 C = Inter-level travel time spent in this place.
 D = Time resting spent in this place.
 E = Time spent auto-exploring this place.
 F = Levels seen in this place.
 G = Mean time per level.
                   A        B        C        D        E       F      G
               +--------+--------+--------+--------+--------+-----+--------+
         Total |   2581 |   2539 |     42 |      0 |   2200 |   4 |  645.2 |
       Dungeon |   2581 |   2539 |     42 |      0 |   2200 |   4 |  645.2 |
               +--------+--------+--------+--------+--------+-----+--------+

Top non-repeatable levels by time:
     D:1: 1017 daAuts
     D:3: 805 daAuts
     D:2: 663 daAuts
     D:5: 95 daAuts
